 Dungeon Crawl Stone Soup version 0.27.0-1-g7a089689b8 (webtiles) character file.

Game seed: 14039136307059768153

744 theswoord the Cruncher (level 7, -1/50 HPs)
             Began as a Demonspawn Gladiator on Aug 5, 2021.
             Slain by a harpy (5 damage)
             ... on level 4 of the Dungeon.
             The game lasted 00:06:30 (3338 turns).

theswoord the Cruncher (Demonspawn Gladiator)       Turns: 3338, Time: 00:06:31

Health: -1/50      AC:  8    Str: 22    XL:     7   Next: 47%
Magic:  0/7        EV: 15    Int: 11    God:
Gold:   278        SH:  0    Dex: 15    Spells: 6/6 levels left

rFire    . . .     SeeInvis .   a - +1 quarterstaff
rCold    + + .     Faith    .   (shield currently unavailable)
rNeg     . . .     Spirit   +   l - +1 scale mail
rPois    .         Reflect  .   c - +0 helmet
rElec    +         Harm     .   (no cloak)
rCorr    .         Rampage  .   (no gloves)
Will     .....                  (no boots)
Stlth    ..........             d - amulet of guardian spirit
HPRegen  0.16/turn              i - +6 ring of strength
MPRegen  0.10/turn              h - ring of Qasoluci {rElec rC++ EV+4 Int-2}

@: no status effects
A: ignite blood 1, big brain 2
a: no special abilities


You were on level 4 of the Dungeon.
You visited 1 branch of the dungeon, and saw 4 of its levels.

You collected 278 gold pieces.

Inventory:

Hand Weapons
 a - a +1 quarterstaff (weapon)
Missiles
 n - 2 throwing nets (quivered)
Armour
 b - a +0 leather armour
 c - a +0 helmet (worn)
 l - a +1 scale mail (worn)
Jewellery
 d - an amulet of guardian spirit (around neck)
 g - the amulet of Equilibrium {Acrobat rC++ Regen+}
   (You acquired it on level 3 of the Dungeon)

   [amulet of the acrobat]

   It increases your evasion while moving and waiting.
   rC:        It greatly protects you from cold.
   Regen:     It increases your rate of health regeneration.
 h - the ring of Qasoluci (right hand) {rElec rC++ EV+4 Int-2}
   (You acquired it on level 3 of the Dungeon)

   [ring of evasion]

   EV:        It affects your evasion (+4).
   Int:       It affects your intelligence (-2).
   rC:        It greatly protects you from cold.
   rElec:     It insulates you from electricity.
 i - a +6 ring of strength (left hand)
Wands
 f - a wand of polymorph (2)
Scrolls
 e - 2 scrolls of identify
 q - a scroll of enchant armour
Potions
 k - a potion of attraction


   Skills:
 - Level 2.0 Fighting
 + Level 8.1 Staves
 - Level 1.7 Throwing
 - Level 2.6 Dodging


You had 6 spell levels left.
You didn't know any spells.
Your spell library was empty.

Dungeon Overview and Level Annotations

Branches:
Dungeon (4/15)
 Temple: D:4-7

Altars:
Ashenzari
Makhleb
Ru
Xom


Innate Abilities, Weirdness & Mutations

Your demonic aura sometimes causes spilled blood to erupt in flames.
You have an extremely huge brain. (Int +4)


Message History

You barely miss the meliai. The meliai hits you. The meliai closely misses you.
The hound skeleton bites you. The meliai barely misses you.
The meliai stings you but does no damage.
You closely miss the meliai. The meliai hits you!
The meliai stings you but does no damage.
The hound skeleton bites you but does no damage.
You completely miss the meliai. The meliai hits you.
The meliai closely misses you. The meliai hits you but does no damage.
The meliai stings you but does no damage.
The hound skeleton bites you but does no damage.
You hit the meliai but do no damage. The meliai misses you.
The meliai stings you!
* * * LOW HITPOINT WARNING * * *
The hound skeleton misses you.
The meliai calls down the wrath of its god upon you.
Something smites you!
* * * LOW HITPOINT WARNING * * *
Okay, then.
Okay, then.
Aiming: Polymorph
Press: ? - help, Shift-Dir - straight line, f/p - meliai
Aim: a meliai (will become a rime drake, a tengu, or an acid dragon, chance to affect: 46%)
The meliai evaporates and reforms as a rime drake!
The hound skeleton closely misses you.
The hound skeleton bites you but does no damage.
Aiming: Polymorph
Press: ? - help, Shift-Dir - straight line, f/p - rime drake
Aim: a rime drake (will become a hornet, a golden eye, or a fire bat, chance to affect: 46%)
The rime drake evaporates and reforms as a hornet!
The hornet misses you. The hound skeleton misses you.
Okay, then.
Aiming: Polymorph
Press: ? - help, Shift-Dir - straight line, f/p - hornet
Aim: a hornet (will become a golden eye, a queen bee, or a harpy, chance to affect: 37%)
The hornet evaporates and reforms as a harpy!
The harpy barely misses you. x2; The hound skeleton misses you.
The harpy claws you!
* * * LOW HITPOINT WARNING * * *
The harpy claws you.
You die...

....#.#####........#.
......Z..##..(....†..
###...)....†.....##
#......#..........<
#....#†.###..##.####
#....#..>...#...#
#..?##..>##.#.###
..####.....##### ..
#.@H.#..## .
#..Z.#.## #....#.#
#..##...# ....##..##
........## ######..##
.#


You could see a harpy and a hound skeleton.

Vanquished Creatures
  A wyvern (D:4)
  Menkaure (D:4)
  A black bear (D:4)
  A jelly (D:3)
  A crimson imp (D:3)
  2 hounds (D:4)
  A bullfrog skeleton (D:4)
  An iguana (D:4)
  A centaur skeleton (D:4)
  4 gnolls (D:2)
  6 adders
  A worm (D:2)
  An orc (D:4)
  3 endoplasms
  6 giant cockroaches
  7 goblins
  9 hobgoblins
  4 jackals
  10 kobolds
  2 quokkas
  5 ball pythons
  8 bats
  7 frilled lizards
  A rat (D:2)
84 creatures vanquished.

Vanquished Creatures (others)
  38 plants (D:2)
38 creatures vanquished.

Grand Total: 122 creatures vanquished

Notes
Turn   | Place    | Note
-------+----------+-------------------------------------------
     0 | D:1      | theswoord the Demonspawn Gladiator began the quest for the
                  | Orb.
     0 | D:1      | Reached XP level 1. HP: 16/16 MP: 1/1
     9 | D:1      | You fall into a shaft and drop 1 floor!
   194 | D:1      | Reached skill level 3 in Staves
   203 | D:1      | Gained mutation: You have an unusually large brain. (Int
                  | +2) [demonic ancestry]
   203 | D:1      | Reached XP level 2. HP: 22/22 MP: 2/2
   616 | D:1      | Gained mutation: Your demonic aura sometimes causes spilled
                  | blood to erupt in flames. [demonic ancestry]
   616 | D:1      | Reached XP level 3. HP: 27/27 MP: 1/3
   754 | D:1      | You fall into a shaft and drop 1 floor!
   754 | D:2      | Found a broken altar of Ashenzari.
   897 | D:1      | Reached skill level 4 in Staves
  1251 | D:2      | Gained mutation: You have an extremely huge brain. (Int +4)
                  | [demonic ancestry]
  1251 | D:2      | Reached XP level 4. HP: 33/33 MP: 4/4
  1424 | D:2      | Reached skill level 5 in Staves
  1805 | D:2      | Found a faded altar of an unknown god.
  1984 | D:3      | Reached XP level 5. HP: 36/38 MP: 5/5
  2110 | D:3      | Identified 2 scrolls of acquirement
  2110 | D:3      | Acquired the amulet of Equilibrium {Acrobat rC++ Regen+}
  2112 | D:3      | Acquired the ring of Qasoluci {rElec rC++ EV+4 Int-2}
  2771 | D:3      | Found a shimmering altar of Xom.
  2771 | D:3      | Found a burning altar of Makhleb.
  2847 | D:4      | Noticed Menkaure
  2850 | D:4      | Reached skill level 6 in Staves
  2858 | D:4      | Killed Menkaure
  2859 | D:4      | Reached XP level 6. HP: 41/44 MP: 3/6
  3079 | D:4      | Found a sacrificial altar of Ru.
  3106 | D:4      | Reached skill level 7 in Staves
  3149 | D:4      | Noticed a wyvern
  3170 | D:4      | Killed a wyvern
  3171 | D:4      | Reached XP level 7. HP: 17/50 MP: 1/7
  3189 | D:4      | Reached skill level 8 in Staves
  3329 | D:4      | Noticed a meliai
  3329 | D:4      | an ogre changed into a meliai
  3336 | D:4      | Noticed a rime drake
  3336 | D:4      | a meliai changed into a rime drake
  3337 | D:4      | Noticed a hornet
  3337 | D:4      | a rime drake changed into a hornet
  3338 | D:4      | Noticed a harpy
  3338 | D:4      | a hornet changed into a harpy
  3338 | D:4      | Slain by a harpy

Skill      XL: |  1  2  3  4  5  6  7 |
---------------+----------------------+-----
Staves         | 3 4 5 6 7 8 |  8.1
Fighting       | |  2.0
Throwing       | |  1.7
Dodging        | |  2.6

Action                   |  1- 3 |  4- 6 |  7- 9 || total
-------------------------+-------+-------+-------++-------
Melee: Quarterstaff      |   111 |   101 |    21 ||   233
Throw: Throwing net      |     3 |       |       ||     3
Evoke: Wand              |       |       |     4 ||     4
  Use: Scroll            |     4 |     5 |     1 ||    10
       Potion            |       |     4 |     3 ||     7
Armor: Leather armour    |    54 |     2 |       ||    56
       Scale mail        |       |    34 |    21 ||    55
       Skin              |       |    13 |       ||    13
Dodge: Dodged            |    88 |    54 |    35 ||   177

Levels and vault maps discovered:
D:1:      lemuel_arrival_behind_the_door_large, layout_basic
D:2:      layout_rooms, serial_bayou, serial_bayou_shore_a, serial_bayou_pond_a,
          serial_bayou_pond_b, serial_bayou_lagoon_a, basic_altar,
          hellmonk_ecumenical_altar_heavens_door, kennysheep_small_spiral
D:3:      layout_basic, grunt_temple_overflow_champion_of_chaos
D:4:      layout_rooms, nicolae_ru_awakened_eye, nicolae_zen_rock_garden,
          minmay_statues_item, minmay_bent, uniq_menkaure
